 Dungeon Crawl Stone Soup version 0.20.0-15-g7f486f2 (webtiles) character file.

47913 Jannitor the Unseen (level 14, 0/96 HPs)
             Began as a Kobold Berserker on June 11, 2017.
             Was a High Priest of Trog.
             Killed from afar by a battlesphere (8 damage)
             ... created by a deep elf mage
             ... on level 1 of the Orcish Mines.
             The game lasted 00:49:46 (22523 turns).

Jannitor the Unseen (Kobold Berserker)             Turns: 22523, Time: 00:49:47

Health: 0/96       AC: 13    Str: 21    XL:     14   Next: 84%
Magic:  14/14      EV: 20    Int:  5    God:    Trog [*****.]
Gold:   1605       SH:  0    Dex: 15    Spells: 13/13 levels left

rFire    . . .     SeeInvis +   T - +7 dagger of the Median {venom, rPois Int-4 SInv Stlth+}
rCold    + + .     Gourm    .   (shield restricted)
rNeg     . . .     Faith    +   h - +0 ice dragon scales
rPois    +         Spirit   .   (helmet restricted)
rElec    .         Reflect  .   (no cloak)
rCorr    .         Harm     .   (no gloves)
MR       +++..     Clarity  +   s - +0 pair of boots
Stlth    ++++++....             F - amulet of faith
Regen    1.3/turn               w - ring of protection from fire
MPRegen  0.2/turn               M - +5 ring of strength

@: flying, very slightly contaminated, regenerating
A: horns 1, carnivore 3, clarity, clumsy 1, poison resistance
a: Berserk, Trog's Hand, Brothers in Arms, Burn Spellbooks, Renounce Religion


You were on level 1 of the Orcish Mines.
You worshipped Trog.
Trog was extremely pleased with you.
You were very full.

You visited 4 branches of the dungeon, and saw 19 of its levels.
You also visited: Sewer and Ice Cave.

You collected 1825 gold pieces.
You spent 220 gold pieces at shops.

Inventory:

Hand Weapons
 a - a +0 short sword of draining
 j - a +4 short sword of holy wrath
 y - a +1 dagger of distortion
 I - a +4 antimagic short sword
 T - the +7 dagger of the Median (weapon) {venom, rPois Int-4 SInv Stlth+}
   (Trog gifted it to you on level 11 of the Dungeon)

   It poisons the flesh of those it strikes.
   It affects your intelligence (-4).
   It protects you from poison.
   It lets you see invisible.
   It makes you more stealthy.
 Y - a +0 blowgun
Missiles
 K - 89 bolts
 Z - 8 curare-tipped needles
Armour
 b - a +0 animal skin
 h - +0 ice dragon scales (worn)
 s - a +0 pair of boots (worn)
 x - a +2 helmet
 E - a +0 leather armour
Jewellery
 w - a ring of protection from fire (left hand)
 F - an amulet of faith (around neck)
 M - a +5 ring of strength (right hand)
 O - an uncursed ring of protection from fire
 U - an uncursed amulet of magic regeneration {unknown}
 V - an uncursed ring of protection from fire
Wands
 q - a wand of random effects (38/48)
 r - a wand of flame (17/48)
 z - a wand of acid (10/15)
 A - a wand of confusion (13/48)
 C - a wand of confusion (38/48)
 R - a wand of paralysis (14/24)
 S - a wand of lightning (5/15)
Scrolls
 l - 2 scrolls of teleportation
 m - 21 scrolls of identify
 p - 4 scrolls of enchant armour
 t - 9 scrolls of remove curse
 u - 2 scrolls of recharging
 v - 2 scrolls of fog
 N - 2 scrolls of magic mapping
Potions
 d - 4 potions of mutation
 e - 2 potions of berserk rage
 g - 3 potions of ambrosia {unknown}
 i - 3 potions of degeneration {unknown}
 k - 6 potions of curing
 n - 3 potions of might
 o - a potion of flight
 B - 2 potions of heal wounds
 D - a potion of agility
 H - 4 potions of invisibility
 L - 3 potions of haste {unknown}
 P - 2 potions of brilliance {unknown}
 Q - 2 potions of lignification {unknown}
 W - a potion of experience {unknown}
Comestibles
 c - 6 meat rations
 f - 5 royal jellies
 J - 3 chunks of flesh


   Skills:
 + Level 14.2 Fighting
 - Level 12.2 Short Blades
 + Level 7.9 Armour
 - Level 12.8 Dodging
 + Level 17.2 Stealth


You had 13 spell levels left.
You didn't know any spells.

Dungeon Overview and Level Annotations

Branches:
Dungeon (11/15)            Temple (1/1) D:7            Lair (6/6) D:9
  Swamp (0/4) Lair:2        Snake (0/4) Lair:4        Slime (0/5) Lair:5
    Orc (1/2) D:11

Altars:
Ashenzari
Cheibriados
Dithmenos
Elyvilon
Fedhas
Gozag
Hepliaklqana
Kikubaaqudgha
Makhleb
Nemelex Xobeh
Okawaru
Qazlal
Ru
Sif Muna
Trog
Uskayaw
Vehumet
Xom
Yredelemnul
Zin
The Shining One
Jiyva

Shops:
D:8 %(:?}

Annotations:
D:4 Zaque's ghost, amateur TrMo
D:7 Crazy Yiuf
Abyss:1 Erica; Erolcha


Innate Abilities, Weirdness & Mutations

You are small and have problems with some larger weapons.
You are carnivorous and can eat meat at any time.
You have a pair of small horns on your head.
You possess an exceptional clarity of mind.
You are clumsy. (Dex -2)
Your system is resistant to poisons. (rPois)


Message History

The bolt of lightning hits the fire elemental.
The fire elemental resists.
The bolt of lightning hits you!
* * * LOW HITPOINT WARNING * * *
The fire elemental misses you.
The deep elf mage mumbles some strange words.
The deep elf mage blinks!
Blink to where?
Press: ? - help, Dir - move target cursor You are very lightly contaminated with residual magic.
As you read the scroll of blinking, it crumbles to dust.
Found 27 gold pieces.
Your skin crawls.
You feel resistant to hostile enchantments.
You feel somewhat less full.
You hear a shout!
The deep elf mage casts a spell at you. The orb of energy hits you!
* * * LOW HITPOINT WARNING * * *
The battlesphere fires!
The barrage of energy hits you!
You die...

#...#.........###.$..#.....###.
##.##........## .#......*.....
..............#...e........#..
.#.#.....>....##$.*.$.........
...#.........##..............#
............##.....$..........
#.........#.###.#...........
.............###..........>.
..............#.@.#.........
..))))........##.#.#(##..#.
..((<.#..............)......
..))[##...#...##.#(..$......
.............#######........
...#.....#..## #.......#
....##......# ....#....
...........## #.##.....
...........## ### .....


You could see a deep elf mage and a battlesphere.

Vanquished Creatures
  The ghost of Chiseanne the Nimble, a journeyman DsWn of Gozag (Lair:2)
  Snorg (Lair:3)
  A fire dragon (Lair:5)
  A catoblepas (Lair:5)
  3 hydras
  2 two-headed ogres (D:11)
  An orc knight (D:11)
  An ugly thing (D:11)
  A manticore (D:11)
  3 black mambas
  12 elephants
  2 ice statues (IceCv)
  A gargoyle (D:11)
  10 spiny frogs
  6 rime drakes
  5 komodo dragons
  A hornet (Lair:6)
  A polar bear (Lair:6)
  6 dream sheep (Lair:5)
  7 blink frogs
  5 hippogriffs
  7 spriggans (Lair:6)
  A wyvern (Lair:5)
  19 yaks
  A steam dragon (D:8)
  5 basilisks
  Menkaure (D:7)
  A warg (Orc:1)
  3 swamp worms (Lair:2)
  3 nagas (Lair:4)
  14 water moccasins
  8 porcupines
  24 ice beasts
  8 orc warriors
  3 black bears
  A phantom (D:3)
  3 sky beasts
  6 ogres
  6 necrophages
  2 boggarts (Lair:6)
  2 centaurs
  6 wolves (Lair:6)
  11 crocodiles
  The ghost of dscm the Digger, an amateur OpEE (Sewer)
  2 big kobolds (D:11)
  7 bullfrogs
  3 gnoll sergeants (D:11)
  2 scorpions
  3 killer bees (D:10)
  12 wights
  A howler monkey (D:6)
  A bullfrog zombie (D:9)
  9 hounds
  3 crimson imps
  6 orc priests
  2 jellies
  11 orc wizards
  A bullfrog skeleton (D:6)
  Natasha (thrice) (D:2)
  2 iguanas
  8 hell rats (Lair:2)
  8 worker ants
  A killer bee zombie (D:5)
  Robin (D:3)
  17 adders
  11 gnolls
  8 river rats
  An adder zombie (D:5)
  2 worms
  2 dart slugs
  6 leopard geckos
  54 orcs
  4 ball pythons
  7 bats
  5 giant cockroaches
  18 goblins
  6 hobgoblins
  14 jackals
  10 quokkas
  4 frilled lizards
  16 kobolds
  A leopard gecko zombie (D:8)
  17 rats
496 creatures vanquished.

Vanquished Creatures (collateral kills)
  Rupert (Lair:3)
  A hydra (Lair:2)
  2 ice dragons (IceCv)
  The ghost of Dwachs the Jinx, a journeyman DECj of Vehumet (Lair:2)
  2 rime drakes (Lair:6)
  A tyrant leech (Lair:2)
  A swamp worm (Lair:2)
  A water moccasin (Lair:2)
  A porcupine (Lair:2)
11 creatures vanquished.

Vanquished Creatures (others)
  A catoblepas (D:11)
  A death yak (Lair:2)
  The ghost of Moto the Carver, a novice HuBe of Trog (D:8)
  A spiny frog (Lair:2)
  2 komodo dragons (Lair:2)
  A hippogriff (Lair:2)
  A wraith (D:11)
  A water moccasin (Lair:1)
  A hell hound (D:9)
  4 orc warriors
  An eye of draining (D:11)
  2 phantoms
  An ogre (D:11)
  A centaur (D:7)
  A crocodile (Lair:1)
  2 bullfrogs
  A killer bee (D:10)
  3 wights
  A howler monkey (D:4)
  A hound (D:9)
  An iguana (D:5)
  2 orc wizards
  A worker ant (D:7)
  A hell rat (Lair:2)
  A gnoll (D:7)
  4 river rats (Lair:2)
  A jackal (D:4)
  15 fungi
  10 plants
64 creatures vanquished.

Grand Total: 571 creatures vanquished

Notes
Turn   | Place    | Note
-------+----------+-------------------------------------------
     0 | D:1      | Jannitor the Kobold Berserker began the quest for the Orb.
     0 | D:1      | Reached XP level 1. HP: 14/14 MP: 1/1
    45 | D:1      | Reached skill level 1 in Stealth
   202 | D:1      | Reached XP level 2. HP: 19/19 MP: 2/2
   834 | D:2      | Reached skill level 2 in Stealth
   834 | D:2      | Reached XP level 3. HP: 16/24 MP: 3/3
  1140 | D:2      | Reached ** piety under Trog
  1213 | D:2      | Reached XP level 4. HP: 22/29 MP: 4/4
  1494 | D:2      | Reached skill level 3 in Stealth
  1620 | D:2      | Noticed Natasha
  1624 | D:2      | Killed Natasha
  1624 | D:2      | Reached skill level 5 in Short Blades
  1624 | D:2      | Reached XP level 5. HP: 23/34 MP: 5/5
  1633 | D:2      | Noticed Natasha
  1647 | D:2      | Killed Natasha
  2168 | D:2      | Noticed Natasha
  2180 | D:2      | Killed Natasha
  2180 | D:2      | Reached skill level 4 in Stealth
  2592 | D:3      | Reached XP level 6. HP: 40/40 MP: 6/6
  2670 | D:3      | Noticed a phantom
  2686 | D:3      | Killed a phantom
  2686 | D:3      | Reached skill level 5 in Fighting
  2686 | D:3      | Reached skill level 5 in Stealth
  2962 | D:3      | Noticed Robin
  2980 | D:3      | Killed Robin
  3616 | D:4      | Reached XP level 7. HP: 44/44 MP: 7/7
  3618 | D:4      | Reached *** piety under Trog
  3896 | D:4      | Noticed Zaque's ghost (amateur TrMo)
  4412 | D:4      | Reached skill level 6 in Stealth
  4500 | D:5      | Entered Level 5 of the Dungeon
  4897 | D:5      | Reached XP level 8. HP: 42/51 MP: 8/8
  5444 | D:6      | Reached skill level 7 in Stealth
  5568 | D:6      | Found a glowing drain.
  5578 | Sewer    | Entered a sewer
  5578 | Sewer    | Noticed dscm's ghost (amateur OpEE)
  5652 | Sewer    | Killed dscm's ghost
  5664 | Sewer    | Reached **** piety under Trog
  5664 | Sewer    | Reached skill level 5 in Dodging
  5664 | Sewer    | Reached XP level 9. HP: 57/57 MP: 9/9
  5934 | D:6      | Reached skill level 8 in Stealth
  6133 | D:6      | Gained mutation: Scrolls take you a little longer to read. [mutagenic meat]
  6134 | D:6      | Gained mutation: Scrolls take you longer to read. [mutagenic meat]
  6135 | D:6      | Lost mutation: Scrolls take you longer to read. [mutagenic meat]
  6136 | D:6      | Gained mutation: Your flesh is cold resistant. (rC+) [mutagenic meat]
  6611 | D:7      | Found a staircase to the Ecumenical Temple.
  6635 | Temple   | Entered the Ecumenical Temple
  6965 | D:7      | Reached skill level 9 in Stealth
  7017 | D:7      | Noticed Menkaure
  7045 | D:7      | Killed Menkaure
  7092 | D:7      | Found a runed door.
  7263 | D:7      | Noticed Crazy Yiuf
  7436 | D:8      | Found Nidary's Weapon Boutique.
  7465 | D:8      | Found Deyweo's Book Shop.
  7496 | D:8      | Reached XP level 10. HP: 60/64 MP: 10/10
  7511 | D:8      | Found Xyufidicia's Magic Scroll Boutique.
  7521 | D:8      | Identified Sif Muna's Volume of Freezing Lightness
  7578 | D:8      | Bought a scroll of enchant armour for 97 gold pieces
  7578 | D:8      | Bought a scroll of recharging for 123 gold pieces
  7638 | D:8      | Found Vegetoupn's Gadget Emporium.
  7940 | D:8      | Found Gotoc's Food Shop.
  8126 | D:8      | Noticed Moto's ghost (novice HuBe)
  8130 | D:8      | Banished Moto's ghost
  8130 | D:8      | Reached skill level 10 in Short Blades
  8130 | D:8      | Reached skill level 10 in Stealth
  8438 | D:9      | Reached ***** piety under Trog
  8456 | D:9      | Found a staircase to the Lair.
  8726 | D:9      | Noticed Erica
  8733 | D:9      | Banished Erica
  8830 | D:9      | Noticed Erolcha
  8834 | D:9      | Banished Erolcha
  9022 | D:9      | Reached skill level 11 in Stealth
  9182 | D:10     | Entered Level 10 of the Dungeon
  9407 | D:10     | Reached XP level 11. HP: 51/70 MP: 11/11
 10229 | D:11     | Noticed a cyan ugly thing
 10233 | D:11     | Killed a cyan ugly thing
 10233 | D:11     | Reached skill level 10 in Fighting
 10236 | D:11     | Noticed a manticore
 10332 | D:11     | Noticed a catoblepas
 10716 | D:11     | Gained mutation: Your body sometimes deteriorates upon taking damage. [mutagenic meat]
 10717 | D:11     | Gained mutation: You possess an exceptional clarity of mind. [mutagenic meat]
 10756 | D:11     | Noticed a two-headed ogre
 10778 | D:11     | Killed a two-headed ogre
 10778 | D:11     | Reached skill level 12 in Stealth
 10809 | D:11     | Noticed a two-headed ogre
 10811 | D:11     | Killed a two-headed ogre
 10963 | D:11     | Received a gift from Trog
 11160 | D:11     | Found a staircase to the Orcish Mines.
 11201 | D:11     | Banished a catoblepas
 11282 | Lair:1   | Entered Level 1 of the Lair of Beasts
 11695 | Lair:1   | Reached skill level 10 in Dodging
 12448 | Lair:2   | Reached XP level 12. HP: 79/79 MP: 12/12
 12505 | Lair:2   | Found a staircase to the Swamp.
 12894 | Lair:2   | Reached skill level 13 in Stealth
 12938 | Lair:2   | Noticed a four-headed hydra
 12990 | Lair:2   | Noticed Dwachs's ghost (journeyman DECj)
 13004 | Lair:2   | Killed Dwachs's ghost
 13026 | Lair:2   | Killed a four-headed hydra
 13060 | Lair:2   | Noticed Chiseanne's ghost (journeyman DsWn)
 14386 | Lair:2   | Noticed a death yak
 14386 | Lair:2   | Noticed a five-headed hydra
 14473 | Lair:2   | HP: 4/80 [Chiseanne's ghost (3)]
 14512 | Lair:2   | Lost mutation: Scrolls take you a little longer to read. [potion of mutation]
 14512 | Lair:2   | Lost mutation: Your body sometimes deteriorates upon taking damage. [potion of mutation]
 14512 | Lair:2   | Lost mutation: Your flesh is cold resistant. (rC+) [potion of mutation]
 14512 | Lair:2   | Gained mutation: Scrolls take you a little longer to read. [potion of mutation]
 14512 | Lair:2   | Gained mutation: Your mind is acute. (Int +2) [potion of mutation]
 14514 | Lair:2   | Lost mutation: Your mind is acute. (Int +2) [potion of mutation]
 14514 | Lair:2   | Lost mutation: Scrolls take you a little longer to read. [potion of mutation]
 14514 | Lair:2   | Lost mutation: You possess an exceptional clarity of mind. [potion of mutation]
 14514 | Lair:2   | Gained mutation: You are clumsy. (Dex -2) [potion of mutation]
 14514 | Lair:2   | Gained mutation: You have a pair of small horns on your head. [potion of mutation]
 14514 | Lair:2   | Gained mutation: Your system is resistant to poisons. (rPois) [potion of mutation]
 15088 | Lair:2   | Banished a death yak
 15716 | Lair:1   | Gained mutation: You possess an exceptional clarity of mind. [mutagenic glow]
 15965 | Lair:2   | Killed Chiseanne's ghost
 15992 | Lair:3   | Reached skill level 14 in Stealth
 16567 | Lair:3   | Noticed Snorg
 16572 | Lair:3   | Reached XP level 13. HP: 86/86 MP: 13/13
 16573 | Lair:3   | Noticed Rupert
 16579 | Lair:3   | Killed Snorg
 16943 | Lair:3   | Killed Rupert
 16943 | Lair:3   | Reached skill level 5 in Armour
 17497 | Lair:4   | Found a staircase to the Snake Pit.
 17583 | Lair:4   | Reached skill level 15 in Stealth
 17609 | Lair:4   | Found a frozen archway.
 17636 | IceCv    | Entered an ice cave
 18235 | IceCv    | Noticed an ice dragon
 18237 | IceCv    | Noticed an ice dragon
 18249 | IceCv    | Killed an ice dragon
 18258 | IceCv    | Killed an ice dragon
 18629 | Lair:4   | Noticed a five-headed hydra
 18642 | Lair:4   | Killed a five-headed hydra
 18988 | Lair:5   | Noticed a catoblepas
 19480 | Lair:4   | Reached XP level 14. HP: 93/93 MP: 14/14
 20129 | Lair:5   | Reached skill level 16 in Stealth
 20211 | Lair:5   | Found a sparkling altar of Nemelex Xobeh.
 20381 | Lair:5   | Found a viscous altar of Jiyva.
 20384 | Lair:5   | Found a staircase to the Slime Pits.
 20455 | Lair:5   | Received a gift from Trog
 20640 | Lair:6   | Entered Level 6 of the Lair of Beasts
 21487 | Lair:6   | Reached skill level 17 in Stealth
 21851 | D:11     | Received a gift from Trog
 21854 | D:11     | Got a scorched dagger {god gift}
 21855 | D:11     | Identified the +7 dagger of the Median {venom, rPois Int-4 SInv Stlth+} (Trog gifted it to you on level 11 of the Dungeon)
 22090 | Orc:1    | Entered Level 1 of the Orcish Mines
 22523 | Orc:1    | Killed from afar by a battlesphere

Skill      XL: |  1  2  3  4  5  6  7  8  9 10 11 12 13 14 |
---------------+-------------------------------------------+-----
Stealth        | 1 2 3 4 5 6 7 9 11 12 14 15 17 | 17.2
Fighting       | 4 5 6 7 8 9 11 12 13 14 | 14.2
Short Blades   | 5 6 7 8 9 11 12 | 12.2
Dodging        | 5 7 8 10 11 12 | 12.8
Armour         | 4 6 7 |  7.9

Action                   |  1- 3 |  4- 6 |  7- 9 | 10-12 | 13-15 || total
-------------------------+-------+-------+-------+-------+-------++-------
Melee: Short sword       |   123 |   136 |       |    65 |   799 ||  1123
       Dagger            |       |    28 |   346 |   923 |   158 ||  1455
       Headbutt          |       |       |       |    28 |   274 ||   302
Invok: Berserk           |     1 |     6 |     5 |    12 |    18 ||    42
       Trog's Hand       |       |     2 |     2 |    12 |    11 ||    27
       Burn Spellbooks   |       |       |       |     1 |     1 ||     2
       Brothers in Arms  |       |       |       |     1 |     4 ||     5
Evoke: Wand              |       |       |       |       |     2 ||     2
  Use: Scroll            |       |       |    11 |     7 |    11 ||    29
       Potion            |       |       |     6 |     9 |     7 ||    22
 Stab: Sleeping          |     1 |     6 |    15 |    31 |     8 ||    61
       Distracted        |       |     1 |       |     6 |     2 ||     9
       Invisible         |       |       |       |       |     3 ||     3
  Eat: Chunk             |     9 |    14 |    21 |    46 |    43 ||   133
       Royal jelly       |       |       |       |     1 |       ||     1
Armor: Animal skin       |     9 |    15 |     4 |       |       ||    28
       Leather armour    |       |       |    35 |    69 |    33 ||   137
       Ice dragon scales |       |       |       |       |   117 ||   117
Dodge: Dodged            |    74 |   112 |   169 |   480 |   693 ||  1528
